Map: Newkirk Precinct TE (Void)

Players

TimeTwist

  • Race: Zerg Zerg
  • Spawn Location: 5:00

Scaramanga - Winner!

  • Race: Terran Terran
  • Spawn Location: 7:00

VOD

Have the link to the VOD?

Description

Time

  • Played on: March 8, 2017, 6:13 p.m.
  • Length: 13:35
Show
View Real Time Build Order
Export as new Build Order

TimeTwist Zerg 

Build Orders: Pool First, Muta Ling Bane 

Get SALT Encoding   

  12  0:01  Drone  
  13  0:08  Drone  
  14  0:18  Overlord  
  14  0:25  Extractor  
  14  0:26  Drone  
  14  0:43  Spawning Pool  
  14  0:45  Drone  
  14  0:50  Drone  
  14  0:55  Drone  
  16  1:01  Drone  
  17  1:07  Drone  
  18  1:18  Drone  
  19  1:29  Drone  
  19  1:30  Queen  
  22  1:35  Metabolic Boost  
  22  1:55  Overlord  
  22  2:06  Hatchery, Zergling x2  
  22  2:13  Queen  
  23  2:25  Drone x3  
  26  2:37  Drone  
  27  2:45  Drone, Overlord  
  27  2:46  Drone  
  29  2:56  Drone  
  30  3:17  Drone x4  
  34  3:21  Queen  
  34  3:25  Hatchery  
  34  3:37  Zergling x4  
  34  3:38  Zergling x2  
  34  3:39  Drone  
  38  3:43  Lair  
  38  3:47  Drone  
  38  3:48  Drone  
  40  3:51  Overlord  
  40  4:02  Overlord  
  40  4:03  Drone x3  
  43  4:10  Extractor  
  43  4:12  Drone x2  
  43  4:14  Drone x2  
  46  4:18  Drone x3  
  49  4:34  Drone x3  
  49  4:35  Drone x3  
  55  4:47  Drone  
  55  4:50  Extractor  
  55  4:52  Queen  
  57  4:53  Drone x2  
  59  5:06  Spire  
  58  5:09  Drone  
  58  5:10  Drone x3  
  58  5:11  Baneling Nest  
  58  5:12  Spore Crawler  
  60  5:14  Drone x3  
  60  5:16  Drone x2  
  64  5:39  Zergling x2  
  65  5:48  Zergling x4  
  60  6:07  Extractor  
  60  6:09  Centrifical Hooks  
  59  6:12  Overlord x3  
  59  6:23  Spine Crawler  
  58  6:26  Spine Crawler  
  58  6:27  Zergling x4  
  59  6:39  Zergling x6  
  59  6:40  Zergling x2  
  60  6:52  Mutalisk x2  
  60  6:53  Mutalisk x4  
  72  7:00  Hatchery  
  71  7:03  Hatchery  
  70  7:09  Drone  
  70  7:10  Drone x4  
  70  7:11  Zergling x10  
  80  7:17  Zerg Flyer Weapons Level 1, Mutalisk  
  82  7:30  Baneling x3  
  82  7:31  Baneling x3  
  82  7:36  Baneling x2  
  73  7:57  Hatchery  
  70  8:01  Mutalisk  
  72  8:18  Hatchery  
  71  8:31  Overlord x4  
  71  8:32  Hatchery, Zergling x4  
  71  8:33  Zergling x6  
  75  8:37  Infestation Pit  
  74  8:43  Drone x2  
  72  8:58  Zergling x14  
  72  8:59  Zergling x2  
  80  9:28  Baneling x6  
  80  9:29  Baneling x4  
  80  9:30  Baneling  
  80  9:32  Mutalisk  
  80  9:33  Mutalisk x2  
  86  9:42  Queen  
  86  9:43  Drone x2  
  74  10:08  Zergling x10  
  74  10:09  Zergling x10  
  84  10:14  Spine Crawler x2  
  84  10:16  Zergling x8  
  84  10:19  Spine Crawler  
  84  10:20  Spine Crawler  
  80  10:35  Baneling x5  
  80  10:36  Baneling x2  
  75  10:45  Zergling x4  
  75  10:46  Zergling x14  
  75  10:47  Zergling x6  
  74  10:57  Zergling x10  
  74  10:58  Zergling x14  
  74  10:59  Zergling x4  
  75  11:15  Extractor  
  75  11:16  Extractor  
  46  11:27  Baneling x6  
  46  11:28  Baneling  
  46  11:29  Zergling x6  
  46  11:31  Zergling x6  
  48  11:47  Zergling x4  
  48  11:48  Zergling x12  
  48  11:49  Zergling x8  
  58  11:54  Zergling x4  
  60  12:08  Mutalisk x3  
  65  12:17  Queen  
  65  12:22  Drone x2  
  69  12:23  Drone  
  69  12:28  Baneling Nest  
  46  12:52  Baneling Nest  
Show
View Real Time Build Order
Export as new Build Order

Scaramanga Terran - Winner!

Build Orders:  

Get SALT Encoding   

  12  0:00  SCV  
  13  0:13  SCV  
  14  0:21  Supply Depot  
  14  0:25  SCV  
  15  0:42  SCV  
  16  0:44  Barracks  
  16  0:54  SCV  
  16  0:56  Refinery  
  17  1:07  SCV  
  18  1:23  SCV  
  19  1:31  Command Center  
  19  1:36  Marine  
  20  1:47  Orbital Command  
  20  2:03  Marine  
  20  2:07  Supply Depot  
  21  2:12  SCV  
  21  2:27  Barracks  
  21  2:28  Barracks  
  21  2:31  SCV  
  22  2:40  Marine  
  22  2:43  SCV  
  24  2:53  SCV  
  24  2:55  SCV  
  24  2:57  Refinery  
  26  3:07  Orbital Command  
  26  3:14  Barracks Tech Lab  
  26  3:17  Barracks Reactor  
  26  3:22  SCV  
  27  3:34  SCV  
  27  3:38  SCV  
  29  3:46  SCV  
  29  3:47  Factory  
  30  3:50  Engineering Bay  
  30  3:53  Marine  
  31  3:56  Stimpack  
  31  3:58  Marauder, Orbital Command, Marine, SCV  
  31  3:59  Marine  
  36  4:24  Supply Depot  
  36  4:27  SCV x2  
  38  4:31  Marauder, Marine x2  
  38  4:32  Marine  
  38  4:34  Starport, Factory Reactor  
  43  4:39  SCV, Supply Depot  
  43  4:40  SCV  
  45  4:46  Supply Depot  
  45  4:49  Marine  
  45  4:50  Barracks Reactor  
  46  4:55  Marine x2  
  48  5:07  Marine  
  48  5:12  Bunker  
  48  5:13  SCV x2, Marine  
  52  5:15  Marine  
  52  5:20  Bunker  
  53  5:24  Marine  
  53  5:25  SCV x2  
  56  5:29  Supply Depot  
  56  5:31  Factory Tech Lab  
  56  5:33  Marauder  
  58  5:37  SCV x2  
  60  5:57  SCV x2, Concussive Shells  
  61  6:01  Marine  
  61  6:02  Marauder, Marine  
  61  6:04  Command Center  
  66  6:08  Barracks  
  66  6:09  SCV x2  
  68  6:18  Marine  
  68  6:19  Marine x3  
  68  6:21  SCV x2, Medivac  
  68  6:22  Medivac  
  78  6:32  Supply Depot  
  78  6:37  Supply Depot  
  78  6:53  Marine x4, Medivac x2  
  86  6:54  Supply Depot  
  86  6:55  Supply Depot  
  86  6:57  Refinery  
  86  6:58  Siege Tank  
  86  6:59  Marauder  
  91  7:03  Refinery  
  91  7:08  SCV x2  
  93  7:12  Missile Turret  
  93  7:16  Missile Turret  
  93  7:17  Missile Turret  
  93  7:18  Orbital Command  
  93  7:24  SCV x2  
  93  7:25  Marine  
  93  7:26  Marine x2  
  98  7:33  Missile Turret  
  98  7:36  SCV x2  
  95  7:48  SCV  
  66  7:59  Orbital Command  
  66  8:05  Barracks Tech Lab  
  66  8:07  Marine x2  
  66  8:08  Marauder, Marine x2  
  72  8:13  SCV x2  
  74  8:25  SCV x2, Marine x2  
  78  8:36  SCV  
  78  8:37  SCV x2, Marine  
  78  8:38  Marauder x2, Marine  
  78  8:40  Siege Tank  
  90  8:43  Marine x2  
  90  8:48  SCV, Factory  
  93  8:55  Marine  
  87  8:59  Marauder  
  87  9:00  Marauder  
  87  9:01  Marine x2  
  87  9:02  Marine  
  94  9:06  Refinery  
  94  9:08  Terran Infantry Weapons Level 1  
  94  9:12  Refinery  
  94  9:13  Marine, Siege Tank  
  94  9:16  Engineering Bay  
  98  9:19  Armory  
  98  9:21  Marauder x2  
  102  9:27  Marine x2  
  102  9:28  Marine  
  102  9:31  Marine  
  106  9:42  Marauder x2  
  106  9:44  Terran Infantry Armor Level 1  
  106  9:45  Marine, Siege Tank  
  114  9:56  Marine x3  
  117  10:02  Supply Depot  
  117  10:03  Marauder, Marine  
  117  10:04  Marauder, Supply Depot  
  117  10:05  Supply Depot  
  104  10:14  Missile Turret, Marine x3  
  101  10:21  Marine  
  103  10:25  Marauder x2  
  103  10:31  Marine  
  103  10:32  Marine x2  
  106  10:39  Marine  
  107  10:46  Marauder, Marine  
  107  10:49  Marine x2  
  108  10:50  Marine  
  108  10:56  Marine  
  103  11:04  Marine  
  103  11:07  Marine x3  
  100  11:20  SCV x2  
  100  11:21  SCV  
  100  11:24  Command Center  
  102  11:32  SCV  
  101  11:52  Marauder x2, Marine x3  
  108  12:03  Marine  
  109  12:09  Marine x2  
  109  12:10  Marine  
  109  12:12  SCV x2  
  109  12:13  Marine x2  
  109  12:15  Siege Tank  
  119  12:18  Medivac x2  
  119  12:21  Marine  
  123  12:27  Marine x3  
  126  12:31  Marauder  
  126  12:32  Marauder  
  130  12:39  Marine  
  131  12:45  Marine  
  131  12:47  Siege Tank  
  135  12:53  Marine x4  
  136  12:57  Marine  
  136  13:03  Marine  
  136  13:11  Marine x4  
  136  13:15  Marine  
Tags
 
Add a new tag
Caveats
  • Supply blocks, unpowered buildings, or Contaminate may cause inaccurate times.
  • Supply counts are checked every 10 seconds.